Map: Invader LE

Players

SonChie - Winner!

  • Race: Protoss Protoss
  • Spawn Location: 5:00

Fropez

  • Race: Protoss Protoss
  • League: Silver
  • Spawn Location: 1:00

VOD

Have the link to the VOD?

Description

Time

  • Played on: July 1, 2016, 11:35 a.m.
  • Length: 27:31
Show
View Real Time Build Order
Export as new Build Order

SonChie Protoss - Winner!

Build Orders:  

Get SALT Encoding   

  12  0:02  Probe (Chrono Boost)  
  13  0:13  Probe (Chrono Boost)  
  14  0:28  Pylon  
  14  0:30  Probe (Chrono Boost)  
  15  0:47  Probe (Chrono Boost)  
  16  0:57  Probe (Chrono Boost), Gateway  
  17  1:08  Probe (Chrono Boost)  
  17  1:10  Forge  
  19  1:18  Probe (Chrono Boost)  
  19  1:29  Probe (Chrono Boost)  
  19  1:31  Pylon  
  20  1:39  Probe (Chrono Boost)  
  21  1:50  Probe (Chrono Boost)  
  21  1:52  Photon Cannon  
  22  1:58  Photon Cannon  
  22  2:00  Probe (Chrono Boost)  
  23  2:07  Pylon  
  23  2:11  Probe (Chrono Boost)  
  24  2:21  Photon Cannon  
  24  2:22  Probe (Chrono Boost), Photon Cannon  
  25  2:32  Pylon, Probe (Chrono Boost)  
  25  2:36  Photon Cannon  
  26  2:40  Photon Cannon  
  26  2:43  Probe (Chrono Boost)  
  27  2:47  Pylon  
  27  2:53  Probe (Chrono Boost), Assimilator  
  28  3:09  Photon Cannon  
  28  3:15  Photon Cannon  
  28  3:17  Photon Cannon  
  28  3:27  Probe (Chrono Boost)  
  28  3:46  Gateway  
  28  3:52  Photon Cannon  
  28  3:55  Assimilator  
  28  3:59  Probe (Chrono Boost)  
  29  4:09  Nexus  
  30  4:10  Probe (Chrono Boost)  
  30  4:20  Probe (Chrono Boost)  
  31  4:31  Pylon, Probe (Chrono Boost)  
  31  4:41  Probe (Chrono Boost)  
  32  4:46  Cybernetics Core  
  32  4:52  Probe (Chrono Boost)  
  33  4:53  Pylon  
  33  4:59  Assimilator  
  33  5:02  Probe (Chrono Boost)  
  33  5:03  Gateway  
  34  5:08  Pylon  
  34  5:10  Zealot (Chrono Boost)  
  34  5:13  Probe (Chrono Boost)  
  37  5:19  Pylon  
  37  5:24  Probe (Chrono Boost)  
  37  5:27  Warp Gate (Chrono Boost)  
  38  5:36  Probe  
  38  5:40  Stargate  
  39  5:47  Stalker  
  39  5:48  Probe  
  42  5:57  Stalker  
  44  6:00  Probe  
  45  6:22  Probe  
  46  6:26  Void Ray (Chrono Boost)  
  50  6:35  Gateway  
  50  6:37  Gateway  
  50  6:44  Stalker  
  52  6:48  Stalker  
  52  6:52  Probe (Chrono Boost)  
  55  7:04  Mothership Core (Chrono Boost)  
  57  7:22  Probe (Chrono Boost)  
  58  7:33  Probe (Chrono Boost)  
  59  7:43  Probe (Chrono Boost)  
  60  7:50  Nexus  
  60  7:54  Probe (Chrono Boost)  
  60  7:57  Void Ray  
  65  8:04  Probe (Chrono Boost)  
  66  8:10  Stalker x2  
  66  8:11  Stalker  
  72  8:13  Pylon  
  72  8:15  Probe (Chrono Boost)  
  72  8:16  Pylon  
  72  8:19  Pylon  
  73  8:25  Probe (Chrono Boost)  
  72  8:36  Probe (Chrono Boost)  
  71  8:47  Probe (Chrono Boost)  
  72  8:48  Zealot  
  72  8:49  Zealot  
  73  9:01  Zealot  
  65  9:24  Zealot x3  
  71  9:32  Probe (Chrono Boost)  
  71  9:35  Assimilator  
  67  9:45  Probe (Chrono Boost)  
  67  9:49  Gateway  
  67  10:12  Probe (Chrono Boost)  
  68  10:32  Probe (Chrono Boost)  
  69  10:49  Twilight Council  
  69  10:56  Assimilator  
  69  10:59  Zealot  
  69  11:00  Zealot x3  
  77  11:09  Zealot  
  77  11:22  Protoss Ground Weapons Level 1 (Chrono Boost)  
  77  11:35  Charge (Chrono Boost)  
  77  11:44  Dark Shrine  
  77  11:46  Zealot x2  
  77  11:47  Zealot x3  
  83  11:51  Probe  
  88  11:56  Gateway  
  88  11:57  Gateway  
  88  12:01  Gateway  
  88  12:04  Probe  
  88  12:08  Zealot x4  
  95  12:20  Probe  
  96  12:36  Forge  
  96  12:37  Probe x2 (Chrono Boost)  
  98  12:44  Pylon  
  98  12:46  Pylon  
  98  12:48  Probe x2 (Chrono Boost)  
  100  12:56  Dark Templar  
  100  12:57  Dark Templar  
  106  12:58  Probe x2 (Chrono Boost)  
  106  13:16  Protoss Shields Level 1 (Chrono Boost), Protoss Ground Armor Level 1 (Chrono Boost)  
  106  13:20  Dark Templar  
  108  13:30  Probe x2 (Chrono Boost)  
  110  13:41  Probe x2 (Chrono Boost)  
  110  13:51  Probe (Chrono Boost), Dark Templar x3  
  115  14:03  Blink (Chrono Boost)  
  115  14:12  Pylon  
  115  14:13  Probe  
  113  14:21  Stalker x2  
  106  14:33  Stalker x2  
  107  14:43  Stalker  
  107  14:44  Stalker  
  86  14:55  Protoss Ground Armor Level 2 (Chrono Boost)  
  86  14:56  Stalker  
  88  15:06  Protoss Ground Weapons Level 2 (Chrono Boost)  
  88  15:12  Probe  
  89  15:23  Dark Templar x2  
  79  15:51  Probe  
  80  16:05  Nexus  
  80  16:08  Pylon  
  80  16:11  Pylon  
  80  16:33  Stalker x2  
  80  16:34  Stalker  
  80  16:36  Stalker  
  80  16:37  Stalker  
  86  16:47  Probe x2  
  86  16:48  Stalker  
  88  16:59  Probe x2  
  90  17:08  Stalker  
  92  17:17  Stalker  
  94  17:34  Stalker  
  96  17:37  Probe  
  96  17:38  Probe x2  
  99  17:48  Probe  
  99  17:50  Probe  
  101  18:03  Probe (Chrono Boost)  
  102  18:07  Probe x2 (Chrono Boost)  
  104  18:17  Probe (Chrono Boost)  
  104  18:18  Probe x2 (Chrono Boost)  
  107  18:29  Probe x2 (Chrono Boost)  
  109  18:43  Assimilator  
  109  18:44  Probe (Chrono Boost)  
  109  18:47  Nexus  
  109  18:57  Dark Templar x2  
  109  18:58  Dark Templar  
  111  19:19  Probe (Chrono Boost)  
  111  19:21  Probe x2 (Chrono Boost)  
  114  19:30  Probe (Chrono Boost), Assimilator  
  115  19:33  Probe (Chrono Boost)  
  116  19:39  Probe (Chrono Boost)  
  116  19:40  Dark Templar x5  
  116  19:41  Dark Templar  
  129  19:46  Probe (Chrono Boost)  
  129  19:47  Probe (Chrono Boost)  
  129  19:49  Probe (Chrono Boost)  
  132  19:59  Protoss Ground Armor Level 3 (Chrono Boost)  
  132  20:01  Probe  
  132  20:02  Protoss Ground Weapons Level 3 (Chrono Boost)  
  133  20:19  Probe  
  133  20:20  Probe  
  133  20:21  Probe  
  135  20:26  Fleet Beacon  
  136  20:29  Assimilator  
  136  20:32  Assimilator  
  136  20:35  Probe  
  137  20:36  Pylon  
  137  20:40  Pylon  
  137  20:43  Pylon, Gateway  
  137  20:44  Gateway  
  137  20:47  Gateway  
  137  20:49  Protoss Air Weapons Level 1 (Chrono Boost)  
  137  21:04  Cybernetics Core  
  137  21:05  Dark Templar x4  
  137  21:07  Dark Templar  
  137  21:08  Mothership Core  
  149  21:11  Probe x2  
  149  21:13  Probe  
  152  21:22  Probe  
  153  21:37  Pylon  
  153  21:46  Graviton Catapult (Chrono Boost)  
  153  21:48  Stargate  
  153  21:52  Stargate  
  153  21:54  Stargate  
  153  22:00  Protoss Air Armor Level 1 (Chrono Boost)  
  153  22:05  Dark Templar x2  
  153  22:06  Dark Templar x2  
  153  22:07  Zealot x2  
  153  22:08  Zealot x2  
  167  22:23  Mothership Core  
  169  22:31  Archon x3  
  169  22:32  Archon x6  
  169  22:33  Archon x3  
  169  22:44  Stalker  
  169  22:45  Stalker x3  
  177  23:08  Pylon  
  177  23:12  Pylon  
  177  23:13  Pylon  
  177  23:14  Pylon  
  177  23:16  Pylon x2  
  177  23:21  Pylon  
  177  23:34  Carrier (Chrono Boost)  
  195  23:55  Probe  
  196  24:14  Nexus  
  196  24:17  Pylon  
  196  24:22  Pylon  
  196  24:24  Pylon  
  196  24:30  Pylon  
  196  24:32  Assimilator  
  196  24:37  Assimilator  
  189  24:53  Nexus  
  189  24:57  Pylon  
  189  24:59  Pylon  
  187  25:27  Probe  
  188  25:51  Pylon  
  188  25:58  Pylon  
  188  26:04  Pylon  
  188  26:07  Pylon  
  186  26:23  Dark Templar  
  186  26:24  Dark Templar x6  
  186  26:25  Pylon  
Show
View Real Time Build Order
Export as new Build Order

Fropez Protoss 

Build Orders: Nexus First 

Get SALT Encoding   

  12  0:01  Probe (Chrono Boost)  
  13  0:41  Nexus  
  13  0:52  Pylon  
  13  0:55  Probe (Chrono Boost)  
  14  1:19  Probe (Chrono Boost)  
  15  1:26  Pylon  
  15  1:37  Probe (Chrono Boost), Gateway  
  15  1:38  Gateway  
  16  1:45  Assimilator  
  16  1:48  Probe (Chrono Boost)  
  16  1:53  Probe (Chrono Boost)  
  18  2:00  Probe (Chrono Boost)  
  19  2:09  Probe (Chrono Boost)  
  20  2:17  Pylon  
  20  2:39  Probe (Chrono Boost), Assimilator  
  20  2:42  Assimilator  
  21  2:48  Pylon  
  21  2:52  Zealot  
  21  2:57  Zealot  
  24  3:09  Gateway  
  24  3:51  Probe (Chrono Boost)  
  24  3:56  Cybernetics Core  
  24  3:59  Nexus  
  24  4:02  Probe (Chrono Boost)  
  24  4:06  Pylon  
  22  4:18  Zealot  
  22  4:19  Zealot  
  22  4:23  Probe (Chrono Boost)  
  25  4:45  Probe (Chrono Boost)  
  26  4:55  Probe (Chrono Boost)  
  27  5:30  Probe, Assimilator  
  27  5:33  Assimilator  
  28  5:38  Adept  
  28  5:41  Warp Gate (Chrono Boost)  
  30  5:46  Adept  
  32  5:58  Probe  
  33  6:14  Probe  
  34  6:30  Nexus  
  34  6:32  Assimilator  
  34  6:36  Assimilator  
  34  6:39  Pylon x2  
  34  6:45  Adept  
  34  6:46  Adept  
  38  6:51  Adept  
  40  6:59  Mothership Core  
  40  7:31  Stalker  
  40  7:35  Stalker x2  
  46  7:39  Probe  
  46  7:41  Probe  
  48  7:51  Probe x2  
  50  8:00  Gateway, Stalker  
  50  8:05  Stalker  
  54  8:26  Forge  
  54  8:28  Pylon, Gateway  
  50  8:42  Stalker x2  
  35  9:03  Zealot  
  35  9:05  Zealot  
  35  9:06  Zealot  
  27  9:26  Stalker x4  
  33  9:31  Protoss Ground Weapons Level 1 (Chrono Boost)  
  31  9:48  Probe  
  32  9:58  Probe  
  32  9:59  Gateway  
  33  10:00  Probe  
  33  10:02  Gateway  
  33  10:04  Stalker x3  
  33  10:05  Pylon  
  40  10:07  Pylon, Stalker  
  44  10:14  Mothership Core  
  44  10:22  Stalker  
  46  10:35  Stargate  
  46  10:36  Probe  
  46  10:37  Stargate  
  46  10:40  Probe  
  48  11:11  Probe  
  48  11:12  Probe  
  50  11:24  Probe  
  51  11:28  Phoenix (Chrono Boost)  
  51  11:30  Nexus, Phoenix (Chrono Boost)  
  55  11:32  Assimilator  
  55  11:37  Assimilator  
  55  11:40  Pylon  
  55  11:47  Probe  
  55  11:51  Phoenix (Chrono Boost), Protoss Ground Armor Level 1  
  55  11:52  Phoenix (Chrono Boost)  
  60  12:13  Phoenix (Chrono Boost)  
  60  12:14  Phoenix (Chrono Boost)  
  64  12:20  Stalker x2  
  64  12:21  Stalker x2  
  72  12:30  Twilight Council  
  72  12:35  Phoenix (Chrono Boost)  
  74  12:39  Pylon, Probe x2  
  74  12:40  Probe  
  77  12:52  Stalker x2  
  81  13:07  Phoenix (Chrono Boost)  
  81  13:08  Phoenix (Chrono Boost), Blink  
  85  13:16  Probe  
  85  13:17  Probe  
  85  13:18  Pylon, Probe  
  85  13:19  Pylon  
  88  13:25  Pylon  
  88  13:28  Probe  
  83  13:52  Stalker x6  
  95  13:59  Pylon  
  95  14:02  Probe x2  
  96  14:03  Probe  
  63  15:00  Stalker x6  
  63  15:01  Stalker  
  63  15:02  Probe x2  
  63  15:03  Probe  
  80  15:07  Phoenix x2 (Chrono Boost)  
  84  15:27  Stalker x4  
  84  15:28  Stalker x3  
  96  15:30  Probe  
  69  16:00  Robotics Facility  
  67  16:49  Stalker x4  
  67  16:50  Stalker  
  77  16:57  Observer  
  77  16:58  Gateway  
  77  17:00  Gateway  
  74  17:12  Nexus  
  64  17:19  Observer  
  65  17:41  Nexus  
  59  18:10  Stalker  
  61  18:42  Stalker x3  
  49  19:18  Void Ray x2 (Chrono Boost)  
  49  19:19  Stalker x3  
  63  19:34  Stalker  
  63  19:35  Stalker x3  
  71  19:55  Void Ray (Chrono Boost)  
  71  19:56  Nexus  
  71  19:59  Phoenix (Chrono Boost)  
  77  20:14  Cybernetics Core  
  77  20:16  Stalker x2  
  77  20:18  Forge  
  81  20:22  Void Ray (Chrono Boost)  
  81  20:26  Probe  
  81  20:27  Probe  
  87  20:37  Protoss Shields Level 1  
  87  20:46  Void Ray (Chrono Boost)  
  87  20:54  Protoss Air Weapons Level 1 (Chrono Boost)  
  91  20:57  Pylon  
  91  20:59  Void Ray  
  91  21:04  Stalker x3  
  97  21:09  Stalker  
  103  21:18  Stalker x2  
  105  21:22  Void Ray  
  111  21:40  Observer  
  111  21:42  Void Ray  
  116  21:57  Stalker  
  116  21:58  Stalker x4  
  116  21:59  Void Ray  
  126  22:02  Observer  
  131  22:25  Void Ray  
  133  22:36  Void Ray  
  137  22:57  Stalker x2  
  137  22:58  Stalker x2  
  145  23:05  Assimilator  
  145  23:07  Assimilator  
  145  23:08  Assimilator  
  145  23:11  Assimilator  
  145  23:13  Assimilator  
  145  23:14  Assimilator  
  145  23:16  Pylon  
  145  23:18  Pylon  
  145  23:20  Pylon  
  145  23:28  Void Ray  
  145  23:33  Void Ray  
  137  25:22  Void Ray  
  137  25:27  Void Ray  
  141  25:30  Stalker x5  
  141  25:31  Stalker x2  
  155  25:50  Gateway  
  155  25:51  Gateway  
  155  25:55  Gateway  
  155  25:56  Gateway  
  155  25:57  Stalker x6  
  157  25:58  Gateway, Stalker  
  169  26:17  Nexus  
  167  26:25  Nexus  
  77  27:16  Pylon  
  77  27:17  Pylon  
  77  27:19  Pylon, Zealot x5  
  77  27:20  Zealot x2  
  77  27:21  Pylon  
  75  27:23  Pylon  
Tags
 
League
Silver
Matchup
PvP
Replay Pack
All Mines
Spawn Locations
Close Positions
Add a new tag
Caveats
  • Supply blocks, unpowered buildings, or Contaminate may cause inaccurate times.
  • Supply counts are checked every 10 seconds.